 Dungeon Crawl Stone Soup version 0.30-b1-2-g02819fbbbe (webtiles) character file.

Game seed: 12315578453886878517

30 Voryis the Digger (level 3, -2/1 HPs)
             Began as a Meteoran Earth Elementalist on June 12, 2023.
             Slain by a rat (3 damage)
             ... on level 2 of the Dungeon.
             The game lasted 00:03:04 (1715 turns).

Voryis the Digger (Meteoran Earth Elementalist)     Turns: 1715, Time: 00:03:05

Health: -2/1       AC:  2    Str:  9    XL:     3   Next: 58%
Magic:  9/9        EV: 12    Int: 19    God:
Gold:   23         SH:  0    Dex: 14    Spells: 8/9 levels left

rFire   . . .        (no weapon)
rCold   . . .        (no shield)
rNeg    . . .        a - +0 robe
rPois   .            (no helmet)
rElec   .            (no cloak)
rCorr   .            (no gloves)
SInv    .            (no boots)
Will    .....        (no amulet)
Stlth   +            (no ring)
HPRegen 0.20/turn    (no ring)
MPRegen 0.11/turn

%: no passive effects
@: glowing
A: sense surroundings 1, otherworldly, glowing, explore regen
a: no special abilities


You were on level 2 of the Dungeon.
You visited 1 branch of the dungeon, and saw 2 of its levels.

You collected 23 gold pieces.

Inventory:

Armour
 a - a +0 robe (worn)
Scrolls
 d - 2 scrolls of identify {unknown}
Potions
 b - a potion of magic
 c - 3 potions of degeneration {unknown}


   Skills:
 - Level 2.4 Dodging
 - Level 1.4 Stealth
 * Level 3.6 Spellcasting
 - Level 1.2 Transmutations
 * Level 4.4 Earth Magic


You had 8 spell levels left.
You knew the following spells:

 Your Spells              Type           Power      Damage    Failure   Level
a - Sandblast             Erth           40%        2d10      2%          1

Your spell library contained the following spells:

 Spells                   Type           Power      Damage    Failure   Level
 Passwall                 Tmut/Erth      11%        N/A       7%          2
 Kiss of Death            Conj/Necr      12%        2d6       14%         1
 Stone Arrow              Conj/Erth      22%        3d8       17%         3
 Confusing Touch          Hex            3%         N/A       41%         3
 Petrify                  Tmut/Erth      14%        N/A       41%         4
 Dispel Undead            Necr           3%         3d7       82%         4


Dungeon Overview and Level Annotations

Branches:
Dungeon (2/15) Zot: 666

Altars:


Innate Abilities, Weirdness & Mutations

You passively map a small area around you.
You are easily found by Zot.
You glow in the dark.
You regain HP and MP as you explore.


Message History

Zot's power touches on you...
You start waiting.
Done waiting.
Unknown command.
You start waiting.
You have lingered too long.
Zot senses you.
Dive deeper or flee this branch before you suffer!
Really rest while Zot is near?
You start waiting.
Zot draws nearer.
Dive deeper or flee this branch before you suffer!
Really rest while Zot is near?
You start waiting.
Zot has nearly found you.
Suffering is imminent.
Descend or flee this branch!
Really rest while Zot is near?
You start waiting.
Zot's power touches on you...
You start waiting.
Done waiting.
Unknown command.
You start waiting.
You have lingered too long.
Zot senses you.
Dive deeper or flee this branch before you suffer!
Really rest while Zot is near?
You start waiting.
Zot draws nearer.
Dive deeper or flee this branch before you suffer!
Really rest while Zot is near?
You start waiting.
Zot has nearly found you.
Suffering is imminent.
Descend or flee this branch!
Really rest while Zot is near?
You start waiting.
Zot's power touches on you...
You start waiting.
Done waiting.
You have lingered too long.
Zot senses you.
Dive deeper or flee this branch before you suffer!
There is a stone staircase leading down here.
You climb downwards.
As you enter the new level, Zot loses track of you.
There is a stone staircase leading up here.
A rat comes into view.
The rat bites you.
Ouch! That really hurt!
You die...

, * , *, * ,
* ** ** ,
#############
, *
#<.........@#
###########r#
, #.# * *,
#.# , #.# ***
* #.. , , ###
,


You could see a rat.

Vanquished Creatures
  2 bats (D:1)
  4 endoplasms (D:1)
  A giant cockroach (D:1)
  A goblin (D:1)
  3 hobgoblins (D:1)
  3 jackals (D:1)
  2 kobolds (D:1)
  A quokka (D:1)
  4 ball pythons (D:1)
  4 rats (D:1)
25 creatures vanquished.

Vanquished Creatures (others)
  A plant (D:1)
1 creature vanquished.

Grand Total: 26 creatures vanquished

Notes
Turn   | Place    | Note
-------+----------+-------------------------------------------
     0 | D:1      | Voryis the Meteoran Earth Elementalist began the quest for
                  | the Orb.
     0 | D:1      | Reached XP level 1. HP: 14/14 MP: 5/5
   161 | D:1      | Reached XP level 2. HP: 20/20 MP: 3/6
   179 | D:1      | Reached skill level 4 in Earth Magic
   247 | D:1      | Reached XP level 3. HP: 11/26 MP: 1/8
   485 | D:1      | Glimpsed the power of Zot.
   534 | D:1      | Glimpsed the power of Zot.
   573 | D:1      | Glimpsed the power of Zot.
   583 | D:1      | Touched by the power of Zot.
   681 | D:1      | Glimpsed the power of Zot.
   731 | D:1      | Glimpsed the power of Zot.
   771 | D:1      | Glimpsed the power of Zot.
   781 | D:1      | Touched by the power of Zot.
   882 | D:1      | Glimpsed the power of Zot.
   932 | D:1      | Glimpsed the power of Zot.
   972 | D:1      | Glimpsed the power of Zot.
   981 | D:1      | Touched by the power of Zot.
  1082 | D:1      | Glimpsed the power of Zot.
  1132 | D:1      | Glimpsed the power of Zot.
  1172 | D:1      | Glimpsed the power of Zot.
  1181 | D:1      | Touched by the power of Zot.
  1282 | D:1      | Glimpsed the power of Zot.
  1332 | D:1      | Glimpsed the power of Zot.
  1372 | D:1      | Glimpsed the power of Zot.
  1381 | D:1      | Touched by the power of Zot.
  1482 | D:1      | Glimpsed the power of Zot.
  1532 | D:1      | Glimpsed the power of Zot.
  1572 | D:1      | Glimpsed the power of Zot.
  1581 | D:1      | Touched by the power of Zot.
  1682 | D:1      | Glimpsed the power of Zot.
  1715 | D:2      | Slain by a rat

Illustrated notes

Levels and vault maps discovered:
D:1:      kennysheep_arrival_seaside, layout_rooms, serial_curves,
          eino_curves_03, eino_curves_03
D:2:      layout_basic, basic_altar, kennysheep_generic_room_4

Skill      XL: |  1  2 |
---------------+-------+-----
Spellcasting   | 3 |  3.6
Earth Magic    | 4 |  4.4
Dodging        | |  2.4
Stealth        | |  1.4
Transmutations | |  1.2

Action                     || total
---------------------------++-------
  Melee: Unarmed           ||     6
   Cast: Sandblast         ||    30
 Armour: Robe              ||     6
  Dodge: Dodged            ||    10
